 Dungeon Crawl Stone Soup version 0.27.1-33-g824d729ab1 (webtiles) character file.

Game seed: 3790673722149435130

2923 comborobin the Basher (level 9, 82/82 HPs)
             Began as a Palentonga Gladiator on Dec 28, 2021.
             Was a Follower of Ashenzari.
             Quit the game on level 8 of the Dungeon.
             The game lasted 00:11:25 (10055 turns).

comborobin the Basher (Palentonga Gladiator)       Turns: 10055, Time: 00:11:26

Health: 82/82      AC:  7    Str: 18    XL:     9   Next: 50%
Magic:  18/18      EV: 14    Int:  9    God:    Ashenzari [*.....]
Gold:   308        SH:  0    Dex: 14    Spells: 8/8 levels left

rFire    . . .     SeeInvis +   j - +3 battleaxe of Ashenzari's Activism {Bglg, Self} (curse)
rCold    . . .     Faith    .   (shield currently unavailable)
rNeg     . . .     Spirit   .   x - +0 acid dragon scales
rPois    .         Reflect  .   c - +0 helmet
rElec    .         Harm     .   h - scarf {shadows}
rCorr    +         Rampage  .   (no gloves)
Will     .....                  (no barding)
Stlth    +.........             (no amulet)
HPRegen  0.23/turn              o - +4 ring of evasion
MPRegen  0.16/turn              g - ring of magical power

@: no status effects
A: large, rugged brown scales 3, see invisible, deformed body, roll 1, armoured
tail, reflexive curl
a: Rolling Charge, Renounce Religion, Shatter the Chains


You were on level 8 of the Dungeon.
You worshipped Ashenzari.
Ashenzari was aware of your devotion.
You visited 2 branches of the dungeon, and saw 9 of its levels.

You collected 458 gold pieces.
You spent 150 gold pieces at shops.

Inventory:

Hand Weapons
 a - a +0 war axe
 j - the cursed +3 battleaxe of Ashenzari's Activism (weapon) {Bglg, Self}
   (You took it off a wight on level 7 of the Dungeon)

   It has a curse which improves the following skills: Beguiling: Conjurations,
   Hexes and Translocations.
   Introspection: Fighting and Spellcasting.
 s - a +2 short sword of electrocution
Missiles
 d - 4 throwing nets (quivered)
Armour
 b - a +0 leather armour
 c - a +0 helmet (worn)
 h - a scarf of shadows (worn)
 i - a +1 robe of cold resistance
 l - a +2 robe of the Archmagi
 n - a scarf of invisibility
 p - the +1 robe of Philately {rF++ Will+ Str-3 Stlth+}
   (You found it on level 4 of the Dungeon)

   Str:       It affects your strength (-3).
   rF:        It greatly protects you from fire.
   Will:      It increases your willpower.
   Stlth:     It makes you more stealthy.
 w - a +0 cloak
 x - +0 acid dragon scales (worn)
Jewellery
 g - a ring of magical power (right hand)
 o - a +4 ring of evasion (left hand)
Wands
 k - a wand of iceblast (16)
 u - a wand of flame (19)
Scrolls
 e - 2 scrolls of amnesia
 m - 3 scrolls of magic mapping
 q - a scroll of brand weapon
 r - 2 scrolls of blinking
 z - a scroll of enchant armour
Potions
 f - a potion of cancellation


   Skills:
 + Level 8.5(9.5) Fighting
 - Level 5.0(7.9) Axes
 - Level 9.4(10.0) Maces & Flails
 - Level 1.3 Throwing
 - Level 2.4 Dodging


You had 8 spell levels left.
You didn't know any spells.
Your spell library contained the following spells:

 Spells                   Type           Power      Damage    Failure   Level
 Foxfire                  Conj/Fire      0%         2x1d4     47%         1
 Freeze                   Ice            0%         1d3       47%         1
 Corpse Rot               Necr/Air       N/A        N/A       63%         2
 Poisonous Vapours        Pois/Air       0%         N/A       63%         2
 Inner Flame              Hex/Fire       0%         N/A       83%         3
 Conjure Flame            Conj/Fire      0%         6-21      85%         3
 Frozen Ramparts          Ice            0%         1d2       85%         3
 Hailstorm                Conj/Ice       0%         3d3       99%         4
 Freezing Cloud           Conj/Ice/Air   0%         6-21      100%        5
 Summon Forest            Summ/Tloc      0%         N/A       100%        5
 Summon Mana Viper        Hex/Summ       0%         N/A       100%        5
 Shadow Creatures         Summ           N/A        N/A       100%        6


Dungeon Overview and Level Annotations

Branches:
Dungeon (8/15)             Temple (1/1) D:6
   Lair: D:8-11

Altars:
Ashenzari
Cheibriados
Dithmenos
Fedhas
Gozag
Hepliaklqana
Kikubaaqudgha
Makhleb
Okawaru
Qazlal
Ru
Sif Muna
Uskayaw
Vehumet
Wu Jian
Xom
Yredelemnul
Zin
The Shining One

Shops:
D:5 [   D:6 *


Innate Abilities, Weirdness & Mutations

You are completely covered in rugged brown scales. (AC +3, +7% HP)
You have supernaturally acute eyesight. (SInv)
Armour fits poorly on your strangely shaped body.
You can roll at nearby foes to attack.
You have a long armoured tail.
You curl defensively after being hit.


Message History

Unknown command.
Unknown command.
Okay, then.
Okay, then.
Okay, then.
As you read the scroll of teleportation, it crumbles to dust.
You feel strangely unstable.
You feel very sick. The killer bee closely misses you.
The killer bee misses you.
Unknown command.
Unknown command.
You feel very sick.
Your surroundings suddenly seem different.
You feel sick.
Okay, then.
Your +3 battleaxe glows black for a moment.
You feel sick.
You hear an angry buzzing noise.
You start resting.
You feel sick.
A centaur comes into view.
You feel sick.
The centaur shouts!
You hear an angry buzzing noise.
The centaur wields a +0 shortbow.
The centaur shoots an arrow.
The arrow barely misses you.
You hear an angry buzzing noise.
You feel sick.
The centaur shoots an arrow.
The arrow closely misses you.
The centaur shoots an arrow.
The arrow hits you.
You feel sick.
You feel sick.
You feel sick.
You are no longer poisoned.
You hear an angry buzzing noise.
You start resting.
HP restored.
You start waiting.
Done waiting.
A centaur is nearby!
A centaur is nearby!
Enter note: Are you sure you want to abandon this character and quit the game? (Confirm with "yes".)

....##..#######
#..######
..............# #..#
.....##.#####.#####..#
...####.# #........#
..<# #.# ########.#
#..## #.# ##.##
##..###.#
#########...######
##.....#
#.........§.......
##..#####
#.####@...§§#..##.
#..## #.#
#.##......§§.§ .#.#
#.# #.##§≈≈≈≈≈≈≈§≈
.#.########.#
#.##.§c.....§≈
...##.......#
##...≈§≈≈≈≈≈§§
#####.#######
##..≈.≈..§§. ......#
#..≈.≈.≈ #######
#§...≈c. #..§≈≈§§


You could see a centaur (wandering).

Vanquished Creatures
  A meliai zombie (D:6)
  5 yaks (D:8)
  A steam dragon (D:7)
  An acid dragon (D:8)
  2 ice beasts
  A black bear (D:3)
  An ogre (D:3)
  A centaur (D:7)
  A phantom (D:7)
  2 bullfrogs
  2 scorpions
  A water moccasin skeleton (D:4)
  6 wights (D:7)
  A centaur zombie (D:8)
  A jelly (D:8)
  3 bullfrog skeletons
  A centaur skeleton (D:6)
  2 orc priests (D:6)
  A hound (D:7)
  Terence (D:2)
  5 orc wizards
  An iguana (D:5)
  3 killer bee zombies
  3 hound skeletons
  2 howler monkey zombies
  Robin (D:3)
  4 adders
  3 gnolls (D:4)
  3 white imps
  An ufetubus (D:6)
  A worm (D:4)
  6 dart slugs
  12 orcs
  4 ball pythons
  5 bats
  4 endoplasms
  2 giant cockroaches (D:1)
  9 goblins
  11 hobgoblins
  2 jackals (D:1)
  4 quokkas
  3 frilled lizards
  7 kobolds
  5 rats
  A spectral kobold (D:3)
137 creatures vanquished.

Vanquished Creatures (others)
  A goblin (D:3)
  19 plants (D:8)
20 creatures vanquished.

Grand Total: 157 creatures vanquished

Notes
Turn   | Place    | Note
-------+----------+-------------------------------------------
     0 | D:1      | comborobin the Palentonga Gladiator began the quest for the
                  | Orb.
     0 | D:1      | Reached XP level 1. HP: 17/17 MP: 1/1
   351 | D:1      | Reached XP level 2. HP: 24/24 MP: 2/2
   617 | D:1      | Reached XP level 3. HP: 29/29 MP: 3/3
  1188 | D:2      | Noticed Terence
  1205 | D:2      | Killed Terence
  1761 | D:2      | Reached XP level 4. HP: 35/37 MP: 4/4
  2466 | D:3      | Noticed an ogre
  2474 | D:3      | Killed an ogre
  2475 | D:3      | Reached XP level 5. HP: 42/44 MP: 5/5
  2546 | D:3      | Found a faded altar of an unknown god.
  2626 | D:3      | Noticed Robin
  2636 | D:3      | Killed Robin
  3514 | D:4      | Found a basalt altar of Yredelemnul.
  3537 | D:4      | Reached skill level 1 in Maces & Flails
  3579 | D:4      | Identified the +1 robe of Philately {rF++ Will+ Str-3
                  | Stlth+}
  3584 | D:4      | Reached skill level 2 in Maces & Flails
  3584 | D:4      | Reached XP level 6. HP: 41/52 MP: 6/6
  3753 | D:3      | Reached skill level 3 in Maces & Flails
  4790 | D:5      | Entered Level 5 of the Dungeon
  4891 | D:5      | Reached skill level 4 in Maces & Flails
  5294 | D:5      | Gained mutation: You curl defensively after being hit.
                  | [Palentonga growth]
  5294 | D:5      | Reached XP level 7. HP: 58/58 MP: 7/7
  5572 | D:5      | Found Ocwaz's Antique Armour Shoppe.
  5575 | D:5      | Bought a cloak for 103 gold pieces
  5861 | D:6      | Found Lytir's Assorted Antiques.
  5870 | D:6      | Bought a scroll labelled GOWAPI ADAE for 25 gold pieces
  5871 | D:6      | Bought an emerald potion for 22 gold pieces
  5887 | D:6      | Reached skill level 5 in Maces & Flails
  6261 | D:6      | Reached skill level 6 in Maces & Flails
  6468 | D:6      | Reached skill level 7 in Maces & Flails
  6518 | D:6      | Found a staircase to the Ecumenical Temple.
  6570 | Temple   | Entered the Ecumenical Temple
  6748 | Temple   | Became a worshipper of Ashenzari the Shackled
  6833 | D:6      | Reached XP level 8. HP: 64/65 MP: 8/8
  7476 | D:7      | Reached skill level 8 in Maces & Flails
  7646 | D:7      | Reached skill level 9 in Maces & Flails
  8205 | D:7      | Reached skill level 5 in Fighting
  8395 | D:7      | Reached XP level 9. HP: 42/73 MP: 9/9
  8741 | D:7      | Reached * piety under Ashenzari
  9265 | D:8      | Found a radiant altar of Vehumet.
  9351 | D:8      | Reached skill level 5 in Axes
  9426 | D:8      | Found an iron altar of Okawaru.
  9713 | D:8      | Noticed a queen bee
 10055 | D:8      | Quit the game

Illustrated notes

Levels and vault maps discovered:
D:1:      mrwooster_arrival_statue_2, layout_basic, minivault_14,
          minmay_misc_feat_tower
D:2:      layout_rooms, uniq_terence
D:3:      layout_loops_corners, dreamdust_ecumenical_altar_drowned_temple,
          uniq_robin
D:4:      layout_layer_cave, mainiacjoe_overflow_paths
D:5:      layout_loops_ring, serial_shops, nicolae_shop_behind_doors,
          nrook_mini_backslash, kennysheep_windowed_goal
D:6:      layout_loops_ring, minmay_temple_entry_mist, serial_shops, shop,
          minmay_misc_feat_five
D:7:      layout_loops_ring
D:8:      layout_loops_ring, nemelex_diamond_rough_becter,
          mainiacjoe_overflow_catwalk_spiral, minmay_misc_feat_four_crosses,
          nicolae_looking_at_the_future
Temple:   regret_index_temple_sphere_string

Skill      XL: |  1  2  3  4  5  6  7  8  9 |
---------------+----------------------------+-----
Fighting       | 3 4 5 8 |  8.5
Axes           | 4 5 |  5.0
Maces & Flails | 2 4 7 9 |  9.4
Throwing       | |  1.3
Dodging        | |  2.4

Action                   |  1- 3 |  4- 6 |  7- 9 || total
-------------------------+-------+-------+-------++-------
Melee: War axe           |    82 |    77 |       ||   159
       Tailslap          |     6 |    15 |    34 ||    55
       Great mace        |       |    53 |   172 ||   225
       Battleaxe         |       |       |    19 ||    19
Throw: Throwing net      |       |     4 |     6 ||    10
Invok: Curse Item        |       |       |     2 ||     2
       Shatter the Chain |       |       |     1 ||     1
Evoke: Wand              |       |     1 |     7 ||     8
  Use: Potion            |     2 |     2 |     5 ||     9
       Scroll            |       |       |     9 ||     9
 Stab: Held in net/web   |       |     1 |     2 ||     3
Armor: Leather armour    |    26 |       |       ||    26
       Robe              |     3 |    65 |    74 ||   142
       Acid dragon scale |       |       |     8 ||     8
Dodge: Dodged            |    45 |    91 |   216 ||   352
